 Dungeon Crawl Stone Soup version 0.30-a0-722-g3e6e8c874d (webtiles) character file.

Game seed: 4295618060450724563

143 hbarley the Chucker (level 5, -2/36 HPs)
             Began as a Human Wanderer on Jan 27, 2023.
             Slain by an orc wizard
             ... wielding a +0 dagger
              (3 damage)
             ... on level 5 of the Dungeon.
             The game lasted 00:11:54 (1577 turns).

hbarley the Chucker (Human Wanderer)                Turns: 1577, Time: 00:11:54

Health: -2/36      AC: 10    Str: 13    XL:     5   Next: 50%
Magic:  8/8        EV:  8    Int: 11    God:
Gold:   151        SH:  0    Dex: 15    Spells: 7/8 levels left

rFire   . . .      SeeInvis .    a - +2 dagger
rCold   . . .      Faith    .    f - +0 buckler
rNeg    . . .      Spirit   .    s - +0 scale mail
rPois   .          Reflect  .    t - +0 helmet
rElec   .          Harm     .    (no cloak)
rCorr   .          Rampage  .    (no gloves)
Will    .....                    g - +2 pair of boots Stlth
                                 (no amulet)
HPRegen 0.26/turn                (no ring)
MPRegen 0.11/turn                (no ring)

@: confused, lethally poisoned (-2 -> -12)
A: no striking features
a: no special abilities


You were on level 5 of the Dungeon.
You visited 1 branch of the dungeon, and saw 5 of its levels.

You collected 151 gold pieces.

Inventory:

Hand Weapons
 a - a +2 dagger (weapon)
Missiles
 b - 3 curare-tipped darts (quivered)
Armour
 e - a +0 robe
 f - a +0 buckler (worn)
 g - a +2 pair of boots (worn)
 n - a +0 leather armour
 s - a +0 scale mail (worn)
 t - a +0 helmet (worn)
 v - an orb of wrath
Scrolls
 d - a scroll of fog
 h - 2 scrolls of identify {unknown}
 i - a scroll of silence {unknown}
 o - a scroll of poison {unknown}
 u - a scroll of teleportation {unknown}
 w - a scroll of immolation {unknown}
Potions
 j - a potion of ambrosia {unknown}
 k - 2 potions of invisibility {unknown}
 l - 2 potions of attraction {unknown}
 m - a potion of heal wounds {unknown}
 p - a potion of mutation {unknown}
 q - a potion of haste {unknown}
 r - a potion of curing {unknown}
Miscellaneous
 c - a piece from Xom's chessboard (15/15)


   Skills:
 + Level 0.7 Fighting
 + Level 2.1 Short Blades
 + Level 3.7 Throwing
 + Level 1.9 Armour
 + Level 1.1 Dodging
 + Level 1.1 Stealth
 + Level 0.7 Shields
 + Level 2.0 Spellcasting
 + Level 2.2 Ice Magic
 + Level 2.2 Evocations


You had 7 spell levels left.
You knew the following spells:

 Your Spells              Type           Power      Damage    Failure   Level
a - Freeze                Ice            24%        1d4       58%         1

Your spell library contained the following spells:

 Spells                   Type           Power      Damage    Failure   Level
 Frozen Ramparts          Ice            12%        1d2       91%         3
 Ignite Poison            Fire/Tmut/Pois 1%         N/A       99%         3
 Kindle Blastsparks       Fire/Tloc/Air  2%         2d10      99%         3
 Petrify                  Tmut/Erth      1%         N/A       100%        4
 Freezing Cloud           Conj/Ice/Air   1%         6-21      100%        5
 Metabolic Englaciation   Hex/Ice        1%         N/A       100%        5
 Summon Forest            Summ/Tloc      0%         N/A       100%        5
 Eringya's Noxious Bog    Tmut/Pois      0%         N/A       100%        6
 Statue Form              Tmut/Erth      0%         N/A       100%        6
 Summon Hydra             Summ           0%         N/A       100%        7


Dungeon Overview and Level Annotations

Branches:
Dungeon (6/15)
 Temple: D:4-7

Altars:
Hepliaklqana


Message History

You feel very sick.
An orc comes into view. It is wielding a +0 flail.
The orc shouts!
You hit the orc.
The orc is heavily wounded.
You feel very sick.
You hit the orc wizard.
The orc wizard is moderately wounded.
You hear the slow hiss of an avalanche of sand nearby.
You feel very sick.
The orc wizard hits you but does no damage.
The orc wizard points at you and mumbles some strange words.
You resist with some effort. The orc wizard casts a spell at you.
You are confused.
You bump into the rock wall.
You feel very sick. The orc barely misses you.
The orc wizard points at you and mumbles some strange words.
The puff of flame misses you. The orc wizard casts a spell at you.
The magic dart hits you but does no damage.
The orc wizard hits you with a +2 dagger of venom.
* * * LOW HITPOINT WARNING * * *
You are lethally poisoned!
You hit the orc wizard but do no damage.
The orc wizard is moderately wounded.
* * * LOW HITPOINT WARNING * * *
You feel very sick. The orc hits you but does no damage.
The orc wizard hits you with a +0 dagger.
* * * LOW HITPOINT WARNING * * *
The orc wizard points at you and mumbles some strange words.
The magic dart hits you but does no damage.
The orc wizard hits you but does no damage.
* * * LOW HITPOINT WARNING * * *
You feel very sick. The orc closely misses you.
The orc wizard hits you with a +0 dagger.
You die...

.....# .#+######.....#
...............
...............
............... .
.......o....... ..
............... ...
......o@oo.....
...#####
......o........
#.....#########'#######
#.....#...............#
#.....'...............#
#.....######..........#
##.....#..##..#..#...##
#.....#..############
#.....'..#


You could see 3 orc wizards and 2 orcs.

Vanquished Creatures
  A hound (D:5)
  An iguana (D:5)
  4 adders
  3 worms
  2 dart slugs
  5 ball pythons
  An endoplasm (D:3)
  2 giant cockroaches
  6 goblins
  3 hobgoblins (D:2)
  3 kobolds
  2 quokkas
  3 bats
  2 frilled lizards
  6 rats
44 creatures vanquished.

Notes
Turn   | Place    | Note
-------+----------+-------------------------------------------
     0 | D:1      | hbarley the Human Wanderer began the quest for the Orb.
     0 | D:1      | hbarley set off with the following items: a +2 dagger, 3
                  | curare-tipped darts, a piece from Xom's chessboard (15/15),
                  | a scroll of fog, a +0 robe; and the following spell
                  | memorised: Freeze; and the following spells available to
                  | memorise: Frozen Ramparts.
     0 | D:1      | Reached XP level 1. HP: 13/13 MP: 3/3
   190 | D:1      | Reached XP level 2. HP: 19/19 MP: 5/5
   623 | D:2      | Reached XP level 3. HP: 23/24 MP: 6/6
   745 | D:2      | Reached skill level 1 in Stealth
   764 | D:2      | Reached XP level 4. HP: 30/30 MP: 7/7
   823 | D:2      | Reached skill level 1 in Short Blades
   921 | D:2      | Found a hazy altar of Hepliaklqana.
  1432 | D:3      | You fall into a shaft and drop 3 floors!
  1464 | D:6      | Noticed a necrophage
  1472 | D:5      | Entered Level 5 of the Dungeon
  1483 | D:5      | Reached skill level 1 in Dodging
  1483 | D:5      | Reached XP level 5. HP: 36/36 MP: 8/8
  1577 | D:5      | HP: 1/36 [poisoned by an orc wizard]
  1577 | D:5      | Slain by an orc wizard

Illustrated notes

Levels and vault maps discovered:
D:1:      lightli_arrival_windingriver, layout_rooms
D:2:      minmay_inner_zag, layout_rooms, chequers_ecumenical_altar_grove,
          basic_altar
D:3:      layout_basic, gup_sewer_entry_bubbles
D:5:      layout_gridville, nicolae_ossuary_entry_ruins
D:6:      layout_loops_cross, nicolae_overflow_hallway_of_the_gods,
          minmay_temple_entry_statues, uniq_maggie

Skill      XL: |  1  2  3  4  5 |
---------------+----------------+-----
Stealth        | 1 |  1.1
Short Blades   | 1 2 |  2.1
Dodging        | 1 |  1.1
Fighting       | |  0.7
Throwing       | |  3.7
Armour         | |  1.9
Shields        | |  0.7
Spellcasting   | |  2.0
Ice Magic      | |  2.2
Evocations     | |  2.2

Action                     |  1- 3 |  4- 6 || total
---------------------------+-------+-------++-------
  Melee: Dagger            |    99 |   123 ||   222
   Stab: Sleeping          |     1 |       ||     1
 Armour: Robe              |     9 |       ||     9
         Leather armour    |    23 |       ||    23
         Scale mail        |       |    61 ||    61
  Dodge: Dodged            |    47 |    53 ||   100
  Block: Buckler           |    11 |    18 ||    29

Table legend: (Time is in decaauts)
 A = Elapsed time spent in this place.
 B = Non-inter-level travel time spent in this place.
 C = Inter-level travel time spent in this place.
 D = Time resting spent in this place.
 E = Time spent auto-exploring this place.
 F = Levels seen in this place.
 G = Mean time per level.
                   A        B        C        D        E       F      G
               +--------+--------+--------+--------+--------+-----+--------+
         Total |   1577 |    466 |   1111 |      0 |      0 |   5 |  315.4 |
       Dungeon |   1577 |    466 |   1111 |      0 |      0 |   5 |  315.4 |
               +--------+--------+--------+--------+--------+-----+--------+

Top non-repeatable levels by time:
     D:2: 695 daAuts
     D:1: 490 daAuts
     D:3: 248 daAuts
     D:5: 103 daAuts
     D:6: 39 daAuts
